 Dungeon Crawl Stone Soup version 0.32-a0-558-g233958a4c4 (webtiles) character file.

Game seed: 15689865559226089124

55 seren the Slasher (level 3, -2/28 HPs)
             Began as a Coglin Gladiator on Feb 29, 2024.
             Slain by a ribbon worm (5 damage)
             ... on level 2 of the Dungeon.
             The game lasted 00:02:12 (1021 turns).

seren the Slasher (Coglin Gladiator)                Turns: 1021, Time: 00:02:12

Health: -2/28      AC:  7    Str: 16    XL:     3   Next: 93%
Magic:  3/3        EV: 10    Int:  7    God:
Gold:   30         SH:  0    Dex: 15    Spells: 2/2 levels left

rFire   . . .        a - +0 long sword {Isabel}
rCold   . . .        (no shield)
rNeg    . . .        m - +0 scale mail
rPois   .            c - +0 helmet
rElec   .            (no cloak)
rCorr   .            (no gloves)
SInv    .            (no boots)
Will    .....        (amulet unavailable) Stlth
                     (ring unavailable)
HPRegen 0.24/turn    (ring unavailable)
MPRegen 0.08/turn    (no gizmo)

%: no passive effects
@: revved
A: off-hand wielding, slow wielding, warmup strikes, no jewelry
a: Invent Gizmo


You were on level 2 of the Dungeon.
You visited 1 branch of the dungeon, and saw 2 of its levels.

You collected 30 gold pieces.

Inventory:

Hand Weapons
 a - a +0 long sword (weapon) {Isabel}
Missiles
 d - 3 throwing nets (quivered) {!f}
 e - a javelin
 p - 3 atropa-tipped darts
Armour
 b - a +0 leather armour
 c - a +0 helmet (worn)
 j - a +0 ring mail
 m - a +0 scale mail (worn)
Scrolls
 f - 2 scrolls of identify {unknown}
 g - a scroll of enchant armour {unknown}
 h - a scroll of silence {unknown}
 i - a scroll of poison {unknown}
 k - a scroll of butterflies {unknown}
 l - a scroll of immolation {unknown}
 n - a scroll of fog {unknown}
Potions
 o - 3 potions of attraction {unknown}
 q - 2 potions of heal wounds {unknown}


   Skills:
 + Level 2.3 Fighting
 * Level 3.7 Long Blades
 + Level 2.1 Throwing
 + Level 1.0 Armour
 + Level 3.0 Dodging


You had 2 spell levels left.
You didn't know any spells.
Your spell library was empty.

Dungeon Overview and Level Annotations

Branches:
Dungeon (2/15)

Altars:

Shops:
D:2 *=


Innate Abilities, Weirdness & Mutations

You can wield a second weapon in your off-hand.
It takes a long time for you to wield or remove held weapons.
Your first few attacks do less damage.
You cannot equip rings or amulets.


Message History

q - 2 golden potions
Found a leather armour.
You now have enough gold to buy a metallic orange potion on this level.
You can access your shopping list by pressing '$'.
You now have 30 gold pieces (gained 11).
A ribbon worm comes into view.
You hit the ribbon worm.
The ribbon worm is lightly wounded.
The ribbon worm bites you.
You slash the ribbon worm!
The ribbon worm is heavily wounded.
The ribbon worm bites you!
You hit the ribbon worm.
The ribbon worm is heavily wounded.
The ribbon worm bites you.
* * * LOW HITPOINT WARNING * * *
You barely miss the ribbon worm.
The ribbon worm is moderately wounded.
The ribbon worm expels a string of sticky webbing.
The stream of webbing hits you but does no damage.
You are caught in a web!
You struggle to detach yourself from the web.
The ribbon worm bites you.
* * * LOW HITPOINT WARNING * * *
The web tears apart.
The ribbon worm bites you.
* * * LOW HITPOINT WARNING * * *
You hit the ribbon worm.
The ribbon worm is moderately wounded.
The ribbon worm misses you.
You hit the ribbon worm.
The ribbon worm is moderately wounded.
The ribbon worm bites you.
* * * LOW HITPOINT WARNING * * *
You barely miss the ribbon worm.
The ribbon worm is moderately wounded.
The ribbon worm bites you.
* * * LOW HITPOINT WARNING * * *
The ribbon worm attacks as it pursues you!
The ribbon worm bites you.
You die...

### #.# ###.# #.w.#
#.#@#
#.#.################
..#.................
##################...
......... ######... #
.......
#.#################...
...#..........# ####


You could see a ribbon worm.

Vanquished Creatures
  Jessica (D:2)
  2 bats (D:1)
  6 endoplasms
  3 giant cockroaches
  2 goblins
  A hobgoblin (D:1)
  A kobold (D:1)
  A quokka (D:1)
  6 ball pythons
  A frilled lizard (D:1)
  2 rats (D:1)
26 creatures vanquished.

Notes
Turn   | Place    | Note
-------+----------+-------------------------------------------
     0 | D:1      | seren the Coglin Gladiator began the quest for the Orb.
     0 | D:1      | Reached XP level 1. HP: 16/16 MP: 1/1
   210 | D:1      | Reached XP level 2. HP: 21/22 MP: 2/2
   779 | D:2      | Reached XP level 3. HP: 19/27 MP: 3/3
   811 | D:2      | Found Kiotz's Jewellery Boutique.
   877 | D:2      | Noticed Jessica
   882 | D:2      | Killed Jessica
   883 | D:2      | Reached skill level 1 in Armour
   930 | D:2      | Found Pioxtilunt's Assorted Antiques.
  1021 | D:2      | Slain by a ribbon worm

Illustrated notes

Levels and vault maps discovered:
D:1:      psy_arrival_whirlpool, layout_loops_ring
D:2:      layout_basic, serial_shops, shop, shop,
          nicolae_shop_tiny_statue_garden, st_stairs_6, kennysheep_crisscross,
          uniq_jessica

Skill      XL: |  1  2  3 |
---------------+----------+-----
Throwing       | 2 |  2.1
Armour         | 1 |  1.0
Dodging        | 3 |  3.0
Fighting       | |  2.3
Long Blades    | |  3.7

Action                     || total
---------------------------++-------
  Melee: Long sword        ||    85
 Armour: Leather armour    ||    19
         Scale mail        ||    53
         Ring mail         ||    20
  Dodge: Dodged            ||    43

Table legend: (Time is in decaauts)
 A = Elapsed time spent in this place.
 B = Non-inter-level travel time spent in this place.
 C = Inter-level travel time spent in this place.
 D = Time resting spent in this place.
 E = Time spent auto-exploring this place.
 F = Levels seen in this place.
 G = Mean time per level.
                   A        B        C        D        E       F      G
               +--------+--------+--------+--------+--------+-----+--------+
         Total |   1041 |   1031 |     10 |     46 |    703 |   2 |  520.5 |
       Dungeon |   1041 |   1031 |     10 |     46 |    703 |   2 |  520.5 |
               +--------+--------+--------+--------+--------+-----+--------+

Top non-repeatable levels by time:
     D:1: 749 daAuts
     D:2: 291 daAuts
